 Dungeon Crawl Stone Soup version 0.21.0-3-g78d12a8bdd (webtiles) character file.

425 Shneid the Sneak (level 6, 0/43 HPs)
             Began as an Octopode Fighter on Jan 13, 2018.
             Slain by a hound skeleton (2 damage)
             ... on level 4 of the Dungeon.
             The game lasted 00:03:22 (2520 turns).

Shneid the Sneak (Octopode Fighter)                 Turns: 2520, Time: 00:03:22

Health: 0/43       AC:  1    Str: 16    XL:     6   Next: 96%
Magic:  6/6        EV: 12    Int: 10    God:
Gold:   101        SH:  9    Dex: 13    Spells: 5/5 levels left

rFire    . . .     SeeInvis .   k - -3 rapier (curse)
rCold    . . .     Gourm    .   b - +0 shield
rNeg     . . .     Faith    .   (helmet restricted)
rPois    .         Spirit   .   (no amulet)
rElec    .         Reflect  .   (no ring)
rCorr    .         Harm     .   (no ring)
MR       .....                  (no ring)
Stlth    ++++......             (no ring)
HPRegen  0.14/turn              (no ring)
MPRegen  0.10/turn              (no ring)
                                (no ring)
                                (no ring)

@: lethally poisoned (0 -> -12)
A: almost no armour, stealthy swim, amphibious, 8 rings, constrict 8, camouflage
1, gelatinous body 1
a: no special abilities


You were on level 4 of the Dungeon.
You were not hungry.

You visited 1 branch of the dungeon, and saw 5 of its levels.

You collected 101 gold pieces.

Inventory:

Hand Weapons
 a - a +0 rapier
 k - a cursed -3 rapier (weapon)
Missiles
 f - 8 curare-tipped needles
Armour
 b - a +0 shield (worn)
Jewellery
 n - a +5 ring of intelligence {unknown}
Scrolls
 e - 3 scrolls of identify
 h - a scroll of fear
 l - a scroll of teleportation
Potions
 c - a potion of might
 g - a potion of cancellation {unknown}
 i - 2 potions of heal wounds {unknown}
 j - a potion of curing {unknown}
 m - a potion of ambrosia {unknown}
Comestibles
 d - 6 rations
 o - a chunk of flesh


   Skills:
 + Level 3.7 Fighting
 * Level 4.8 Short Blades
 + Level 3.6 Dodging
 + Level 5.1 Stealth
 + Level 3.6 Shields


You had 5 spell levels left.
You didn't know any spells.

Dungeon Overview and Level Annotations

Branches:
Dungeon (5/15)
 Temple: D:4-7

Altars:
Ashenzari
Qazlal
Ru

Annotations:
D:3 1 runed door


Innate Abilities, Weirdness & Mutations

You cannot wear most types of armour.
You are very stealthy in the water. (Stealth+)
You are amphibious.
You can wear up to eight rings at the same time.
You can use your tentacles to constrict eight enemies at once.
Your skin changes colour to match your surroundings (Stealth+).
Your rubbery body absorbs attacks. (AC +1, EV +1)


Message History

The water moccasin bites you!
* * * LOW HITPOINT WARNING * * *
You are lethally poisoned!
The water moccasin poisons you!
Unknown command.
As you read the scroll of fear, it crumbles to dust.
You assume a fearsome visage.
The water moccasin looks frightened!
The hound skeleton is unaffected.
The ogre looks frightened!
* * * LOW HITPOINT WARNING * * *
You feel sick. The hound skeleton barely misses you.
Unknown command.
Your shield prevents you from hitting the hound skeleton.
You grab the hound skeleton. You squeeze the hound skeleton.
The hound skeleton is moderately damaged.
You constrict the hound skeleton.
* * * LOW HITPOINT WARNING * * *
You feel sick. The hound skeleton bites you.
* * * LOW HITPOINT WARNING * * *
The hound skeleton bites you.
You die...

##.......###
.........>.
#?.......#
#....S..##
##.O......
#......[#
#$....†.#
#.....@.#
##....Z###
#.......#
#(...§..#
#.......#
#..†....#
#.......#
#.......#
#########


You could see a water moccasin (fleeing), an ogre (fleeing) and a hound
skeleton.

Vanquished Creatures
  A centaur (D:5)
  An orc wizard (D:3)
  An iguana (D:4)
  Jessica (D:3)
  Natasha (twice) (D:3)
  3 worker ants
  A killer bee zombie (D:5)
  A hound skeleton (D:3)
  A howler monkey zombie (D:3)
  6 adders
  2 dart slugs (D:2)
  A leopard gecko (D:2)
  3 orcs (D:3)
  2 giant cockroaches
  2 goblins
  5 hobgoblins
  6 kobolds
  2 quokkas
  2 ball pythons
  A ball python skeleton (D:3)
  6 bats
  2 frilled lizards (D:2)
  A leopard gecko zombie (D:5)
  6 rats
59 creatures vanquished.

Notes
Turn   | Place    | Note
-------+----------+-------------------------------------------
     0 | D:1      | Shneid the Octopode Fighter began the quest for the Orb.
     0 | D:1      | Reached XP level 1. HP: 16/16 MP: 1/1
   266 | D:1      | Reached XP level 2. HP: 18/21 MP: 2/2
   482 | D:1      | Reached skill level 1 in Stealth
   712 | D:2      | Reached XP level 3. HP: 21/26 MP: 3/3
  1526 | D:3      | Reached skill level 2 in Stealth
  1556 | D:3      | Found a runed door.
  1578 | D:3      | Noticed Natasha
  1587 | D:3      | Killed Natasha
  1587 | D:3      | Reached XP level 4. HP: 18/31 MP: 4/4
  1626 | D:3      | Reached skill level 3 in Stealth
  1632 | D:3      | Noticed Natasha
  1640 | D:3      | Killed Natasha
  1640 | D:3      | Reached XP level 5. HP: 19/36 MP: 5/5
  1700 | D:3      | Reached skill level 4 in Stealth
  1742 | D:3      | Noticed a sky beast
  1886 | D:3      | Noticed Jessica
  1891 | D:3      | Killed Jessica
  1954 | D:3      | You fall through a shaft for 2 floors!
  1954 | D:5      | Entered Level 5 of the Dungeon
  1992 | D:5      | Found a sacrificial altar of Ru.
  2029 | D:5      | Reached XP level 6. HP: 42/42 MP: 6/6
  2232 | D:5      | Found a stormy altar of Qazlal.
  2234 | D:5      | Found a shattered altar of Ashenzari.
  2497 | D:4      | Reached skill level 5 in Stealth
  2514 | D:4      | Noticed a water moccasin
  2520 | D:4      | HP: 2/43 [hound skeleton (1)]
  2520 | D:4      | Slain by a hound skeleton

Skill      XL: |  1  2  3  4  5  6 |
---------------+-------------------+-----
Stealth        | 1 2 3 4 5 |  5.1
Short Blades   | 3 4 |  4.8
Fighting       | |  3.7
Dodging        | |  3.6
Shields        | |  3.6

Action                   |  1- 3 |  4- 6 || total
-------------------------+-------+-------++-------
Melee: Rapier            |    58 |    72 ||   130
       Constrict         |    14 |    17 ||    31
       Tentacles         |     7 |    26 ||    33
  Use: Scroll            |     3 |     2 ||     5
 Stab: Sleeping          |    10 |     7 ||    17
       Distracted        |     1 |       ||     1
  Eat: Chunk             |     2 |     3 ||     5
Armor: Skin              |     1 |     2 ||     3
Dodge: Dodged            |    14 |    27 ||    41
Block: Shield            |    22 |    21 ||    43
